 Dungeon Crawl Stone Soup version 0.28.0 (webtiles) character file.

Game seed: 15047002929524620046

14690 AmazingTV the Fighter (level 11, -6/100 HPs)
             Began as a Minotaur Fighter on June 27, 2022.
             Was a Priest of Elyvilon.
             Mangled by a six-headed hydra (9 damage)
             ... on level 12 of the Dungeon.
             The game lasted 01:06:01 (19314 turns).

AmazingTV the Fighter (Minotaur Fighter)           Turns: 19314, Time: 01:06:01

Health: -6/100     AC: 17    Str: 27    XL:     11   Next: 92%
Magic:  8/14       EV: 10    Int: 13    God:    Elyvilon [***...]
Gold:   1199       SH:  6    Dex: 12    Spells: 10/10 levels left

rFire   . . .      SeeInvis .   b - +7 hand axe
rCold   . . .      Faith    .   c - +0 buckler
rNeg    . . .      Spirit   .   P - +3 scale mail
rPois   .          Reflect  .   R - +2 hat
rElec   .          Harm     .   K - +2 cloak {Will+}
rCorr   .          Rampage  .   B - +0 pair of gloves
Will    +....                   o - +0 pair of boots
Stlth   ..........              U - amulet of regeneration
HPRegen 1.06/turn               I - +6 ring of intelligence
MPRegen 0.14/turn               C - +6 ring of strength

@: spiked, flying, invisible, unable to read
A: horns 2, retaliatory headbutt, deformed body, inability to read while
threatened
a: Renounce Religion, Purification, Heal Other, Heal Self


You were on level 12 of the Dungeon.
You worshipped Elyvilon.
Elyvilon was most pleased with you.
You visited 2 branches of the dungeon, and saw 16 of its levels.
You also visited: Bailey and Gauntlet.

You collected 1489 gold pieces.
You spent 290 gold pieces at shops.

Inventory:

Hand Weapons
 a - a +5 flail of freezing
 b - a +7 hand axe (weapon)
 k - a +0 vorpal war axe
 J - the +6 hunting sling of the Eternal Warrior {flame, +Blink rElec rN+}
   (You took it off a minotaur in a Gauntlet)

   Any ammunition fired from it burns those it strikes, dealing additional fire
   damage.
   rElec:     It insulates you from electricity.
   rN:        It protects you from negative energy.
   +Blink:    It lets you blink.
 L - a +0 flail of protection
Missiles
 q - 32 bolts
 s - 6 silver javelins
 O - a throwing net (quivered)
Armour
 c - a +0 buckler (worn)
 g - a +1 leather armour of cold resistance
 o - a +0 pair of boots (worn)
 B - a +0 pair of gloves (worn)
 K - a +2 cloak of willpower (worn)
 P - a +3 scale mail (worn)
 R - a +2 hat (worn)
 W - a +0 troll leather armour
Jewellery
 w - a ring of protection from cold
 C - a +6 ring of strength (right hand)
 I - a +6 ring of intelligence (left hand)
 S - a ring of resist corrosion
 T - an amulet of faith
 U - an amulet of regeneration (around neck)
 Y - a +4 ring of evasion
Wands
 m - a wand of polymorph (19)
 u - a wand of paralysis (5)
 v - a wand of iceblast (8)
 y - a wand of acid (12)
 X - a wand of flame (10)
 Z - a wand of digging (6)
Scrolls
 f - 2 scrolls of blinking {unknown}
 h - 4 scrolls of identify
 i - 2 scrolls of magic mapping
 l - 2 scrolls of amnesia
 n - 3 scrolls of enchant armour
 p - 3 scrolls of teleportation
 A - 2 scrolls of fog {unknown}
 E - 2 scrolls of vulnerability {unknown}
 G - a scroll of silence {unknown}
 H - 3 scrolls of enchant weapon
 M - a scroll of summoning {unknown}
 N - a scroll of fear {unknown}
Potions
 d - 5 potions of magic
 e - 3 potions of cancellation
 j - a potion of curing
 t - a potion of haste {unknown}
 x - a potion of resistance
 z - 3 potions of mutation
 D - 2 potions of invisibility
 Q - a potion of ambrosia


   Skills:
 + Level 10.2 Fighting
 + Level 9.7(11.3) Axes
 + Level 9.3(11.1) Maces & Flails
 + Level 6.6 Crossbows
 + Level 10.1 Armour
 + Level 10.1 Shields
 + Level 6.1 Invocations


You had 10 spell levels left.
You didn't know any spells.
Your spell library contained the following spells:

 Spells                   Type           Power      Damage    Failure   Level
 Foxfire                  Conj/Fire      0%         2x1d4     58%         1
 Ignite Poison            Fire/Tmut/Pois 0%         N/A       91%         3
 Ozocubu's Armour         Ice            0%         N/A       91%         3
 Summon Guardian Golem    Hex/Summ       0%         N/A       91%         3
 Tukima's Dance           Hex            0%         N/A       91%         3
 Anguish                  Hex/Necr       0%         N/A       100%        4
 Cause Fear               Hex            0%         N/A       100%        4
 Conjure Ball Lightning   Conj/Air       0%         3x3d6     100%        6
 Dragon Form              Tmut           0%         N/A       100%        7
 Enfeeble                 Hex            0%         N/A       100%        7
 Orb of Destruction       Conj           0%         9d5       100%        7
 Ozocubu's Refrigeration  Ice            0%         4d5       100%        7
 Spellforged Servitor     Conj/Summ      0%         N/A       100%        7
 Discord                  Hex            0%         N/A       100%        8
 Disjunction              Tloc           0%         N/A       100%        8
 Dragon's Call            Summ           0%         N/A       100%        9


Dungeon Overview and Level Annotations

Branches:
Dungeon (15/15)            Temple (1/1) D:4            Lair (0/6) D:8
    Orc (0/2) D:10         Bailey (visited)         Gauntlet (visited)
 Vaults: D:13-14     Depths: D:15

Altars:
Ashenzari
Cheibriados
Dithmenos
Elyvilon
Fedhas
Gozag
Hepliaklqana
Kikubaaqudgha
Makhleb
Nemelex Xobeh
Okawaru
Qazlal
Ru
Sif Muna
Trog
Uskayaw
Vehumet
Wu Jian
Xom
Yredelemnul
Zin
The Shining One

Shops:
D:1 !


Innate Abilities, Weirdness & Mutations

You have a pair of horns on your head.
You reflexively headbutt those who attack you in melee.
Armour fits poorly on your strangely shaped body.
You sometimes lose the ability to read scrolls when taking damage.


Message History

You are healed.
Something hits you but does no damage. x2
The troll misses you. The troll claws you but does no damage.
You block the troll's attack. You block the red devil's attack.
The six-headed hydra bites you but does no damage.
You block the six-headed hydra's attack.
The six-headed hydra completely misses you.
The six-headed hydra bites you!
The six-headed hydra bites you but does no damage.
The six-headed hydra bites you.
The red devil hits you from afar with a +0 trident!
* * * LOW HITPOINT WARNING * * *
Barbed spikes become lodged in your body.
The red devil hits you from afar with a +6 spear!
* * * LOW HITPOINT WARNING * * *
Barbed spikes become lodged in your body.
You are healed.
Something hits you but does no damage. The troll bites you but does no damage.
The troll claws you.
* * * LOW HITPOINT WARNING * * *
You block the troll's attack.
The red devil hits you from afar with a +0 spear!
* * * LOW HITPOINT WARNING * * *
Barbed spikes become lodged in your body.
The six-headed hydra bites you but does no damage.
The six-headed hydra barely misses you.
You block the six-headed hydra's attack.
The six-headed hydra bites you!
* * * LOW HITPOINT WARNING * * *
The six-headed hydra bites you but does no damage. x2
The red devil hits you but does no damage.
The red devil hits you from afar with a +6 spear!
Elyvilon protects you from harm!
Barbed spikes become lodged in your body.
The barbs in your skin will harm you if you move.
Continue?
Okay, then.
You fade into invisibility!
Something hits you but does no damage. x2; The troll bites you!
* * * LOW HITPOINT WARNING * * *
You block the troll's attack. The troll barely misses you.
The red devil barely misses you. The six-headed hydra bites you!
You die...

..# *,,,,,,,,,,,** ..#
*### *,,,,,,,,,,,*
..#*###..# **,,,,,,,,*,*
#.##....#* ***,,,,,**,***
#.#....$# **,,,**,,*,**
#.......# #####
******,*,,,* #......##
#...### *,*,,,* #......#
#.....## **,,,,** #..#####
#..T@..## **,,,,,,* #..#
##..D...## *,,***,** #..#
#.444...##**,** *** #..##
#........#*,**
....##########.....####,**
.............?.........,*
.......................**
.^.................###.*
...###..≈≈.#.#.≈≈..# *,*


You could see a six-headed hydra, a troll and 3 red devils.

Vanquished Creatures
  A minotaur (Gauntlet)
  Harold (D:7)
  A tengu warrior (Gauntlet)
  Pikel (D:7)
  A cyclops (D:10)
  A shining eye (D:11)
  A tengu conjurer (Gauntlet)
  2 trolls
  Prince Ribbit (D:8)
  6 slime creatures (D:10)
  Sigmund (D:5)
  A ynoxinul (D:9)
  A spriggan (D:9)
  2 shadows
  A wraith (D:9)
  2 wyverns
  4 yaks (D:9)
  6 vampire mosquitoes (D:10)
  A steam dragon (D:8)
  2 acid dragons
  13 orc warriors
  4 water moccasins
  An ice beast (D:5)
  3 ogres
  7 centaurs
  8 kobold brigands
  A gnoll sergeant (D:11)
  4 bullfrogs
  5 scorpions
  2 wyvern zombies (D:8)
  2 water moccasin zombies
  15 killer bees
  15 wights
  5 howler monkeys
  A bullfrog zombie (D:6)
  2 centaur zombies
  2 hounds
  A gnoll shaman (D:7)
  2 orc priests
  A jelly (D:4)
  A bullfrog skeleton (D:5)
  Crazy Yiuf (D:7)
  2 iguanas (D:5)
  6 orc wizards
  2 hound skeletons
  10 gnolls
  3 howler monkey skeletons (D:7)
  7 adders
  A shadow imp (D:8)
  3 white imps
  An ufetubus (D:5)
  5 worms
  13 dart slugs
  31 orcs
  5 endoplasms
  3 giant cockroaches (D:2)
  8 goblins
  3 hobgoblins
  3 jackals (D:5)
  3 quokkas
  8 ball pythons
  3 bats
  2 frilled lizards
  11 kobolds
  6 rats
272 creatures vanquished.

Vanquished Creatures (others)
  Maurice (D:8)
  A fungus (Gauntlet)
  A plant (D:7)
3 creatures vanquished.

Grand Total: 275 creatures vanquished

Notes
Turn   | Place    | Note
-------+----------+-------------------------------------------
     0 | D:1      | AmazingTV the Minotaur Fighter began the quest for the Orb.
     0 | D:1      | Reached XP level 1. HP: 19/19 MP: 0/0
   112 | D:1      | Reached XP level 2. HP: 17/27 MP: 1/1
   551 | D:1      | Found Edghul's Distillery.
   560 | D:1      | Bought a potion of curing for 30 gold pieces
   725 | D:2      | Reached XP level 3. HP: 33/33 MP: 2/2
   769 | D:2      | Reached skill level 1 in Maces & Flails
  1226 | D:2      | Reached XP level 4. HP: 40/40 MP: 3/3
  1492 | D:3      | Found a faded altar of an unknown god.
  1555 | D:3      | Noticed a scorpion
  1558 | D:3      | Killed a scorpion
  1559 | D:3      | Reached XP level 5. HP: 41/47 MP: 4/4
  2827 | D:3      | Reached skill level 5 in Shields
  2827 | D:3      | Reached XP level 6. HP: 41/55 MP: 5/5
  2919 | D:4      | Reached skill level 5 in Fighting
  3027 | D:4      | Found a staircase to the Ecumenical Temple.
  3129 | Temple   | Entered the Ecumenical Temple
  3523 | Temple   | Became a worshipper of Elyvilon the Healer
  3550 | D:4      | Reached skill level 5 in Armour
  4892 | D:4      | Reached XP level 7. HP: 14/61 MP: 6/6
  5298 | D:5      | Entered Level 5 of the Dungeon
  5472 | D:5      | Reached * piety under Elyvilon
  5824 | D:5      | Reached skill level 5 in Axes
  6232 | D:5      | Reached XP level 8. HP: 61/70 MP: 7/7
  6369 | D:5      | Found a hide-covered altar of Uskayaw.
  6746 | D:5      | Noticed Sigmund
  6761 | D:5      | Killed Sigmund
  6848 | D:5      | Reached skill level 5 in Maces & Flails
  7180 | D:6      | Reached ** piety under Elyvilon
  7903 | D:7      | Noticed Harold
  8220 | D:8      | Reached skill level 1 in Crossbows
  8221 | D:8      | Reached skill level 1 in Invocations
  8612 | D:8      | Noticed Prince Ribbit
  8616 | D:8      | Reached *** piety under Elyvilon
  8679 | D:8      | Killed Prince Ribbit
  8680 | D:8      | Reached XP level 9. HP: 34/79 MP: 7/9
  9019 | D:8      | Found a staircase to the Lair.
  9384 | D:8      | Noticed Maurice
  9430 | D:8      | Killed Maurice
 11615 | D:7      | Reached XP level 10. HP: 72/83 MP: 11/11
 11968 | D:7      | Noticed Pikel
 11977 | D:7      | Killed Pikel
 12142 | D:7      | Found a runed translucent door.
 12143 | D:7      | Noticed Crazy Yiuf
 12147 | D:7      | Killed Crazy Yiuf
 12239 | D:7      | Killed Harold
 13238 | D:1      | Bought a potion of flight for 30 gold pieces
 13238 | D:1      | Bought a potion of ambrosia for 80 gold pieces
 13238 | D:1      | Bought 2 potions of heal wounds for 100 gold pieces
 13238 | D:1      | Bought a potion of heal wounds for 50 gold pieces
 14111 | D:8      | Noticed a centaur warrior
 14111 | D:8      | Noticed a brown ugly thing
 14131 | D:8      | HP: 4/90 [centaur warrior/arrow (13)]
 14487 | D:9      | Found a bloodstained altar of Trog.
 14538 | D:9      | Found a shimmering blue altar of Sif Muna.
 14629 | D:9      | Got Sif Muna's Handbook of Heat
 14740 | D:9      | Reached skill level 5 in Crossbows
 15080 | D:9      | Reached XP level 11. HP: 75/97 MP: 13/13
 15429 | D:9      | Reached **** piety under Elyvilon
 15675 | D:10     | Entered Level 10 of the Dungeon
 15722 | D:10     | Found a stormy altar of Qazlal.
 15730 | D:10     | Found a flagged portal.
 15749 | Bailey   | Entered a bailey
 15984 | Bailey   | Reached skill level 5 in Invocations
 16192 | Bailey   | Found an iron altar of Okawaru.
 17356 | D:10     | Found a staircase to the Orcish Mines.
 17574 | D:11     | Noticed a two-headed ogre
 17575 | D:11     | Noticed a shining eye
 17575 | D:11     | a two-headed ogre changed into a shining eye
 17577 | D:11     | Gained mutation: Armour fits poorly on your strangely
                  | shaped body. [a shining eye]
 17583 | D:11     | Gained mutation: You sometimes lose the ability to read
                  | scrolls when taking damage. [a shining eye]
 17586 | D:11     | Killed a shining eye
 18463 | D:11     | Reached skill level 10 in Fighting
 18636 | D:12     | You fall into a shaft and drop 3 floors!
 18636 | D:15     | Entered Level 15 of the Dungeon
 18717 | D:13     | Noticed a deep elf pyromancer
 18802 | D:12     | Reached ***** piety under Elyvilon
 18837 | D:12     | Noticed a six-headed hydra
 18855 | D:12     | Found a gate leading to a gauntlet.
 18862 | Gauntlet | Entered a Gauntlet
 18862 | Gauntlet | Noticed a tengu warrior
 18862 | Gauntlet | Found a transporter.
 18910 | Gauntlet | Found a transporter.
 18911 | Gauntlet | Found a transporter.
 18915 | Gauntlet | Found a transporter.
 18919 | Gauntlet | Found a transporter.
 18922 | Gauntlet | Found a transporter.
 18923 | Gauntlet | Found a transporter.
 18926 | Gauntlet | Noticed a large abomination
 18927 | Gauntlet | Found a runed translucent door.
 18928 | Gauntlet | Found a runed translucent door.
 18931 | Gauntlet | Found a transporter.
 18934 | Gauntlet | Found a transporter.
 18935 | Gauntlet | Found a transporter.
 18939 | Gauntlet | Found a runed translucent door.
 18941 | Gauntlet | Found a runed translucent door.
 18943 | Gauntlet | Found a transporter.
 18946 | Gauntlet | Found a transporter.
 18947 | Gauntlet | Found a transporter.
 18955 | Gauntlet | Found a transporter.
 18956 | Gauntlet | Noticed a fire crab
 19090 | Gauntlet | Killed a tengu warrior
 19091 | Gauntlet | Reached skill level 10 in Armour
 19091 | Gauntlet | Reached skill level 10 in Shields
 19221 | Gauntlet | Identified the +6 hunting sling of the Eternal Warrior
                  | {flame, +Blink rElec rN+}
 19221 | Gauntlet | Noticed a minotaur
 19244 | Gauntlet | Killed a minotaur
 19313 | D:12     | Elyvilon protects you from harm!
 19314 | D:12     | HP: 3/100 [troll (8)]
 19314 | D:12     | Mangled by a six-headed hydra

Illustrated notes

Levels and vault maps discovered:
D:1:      dpeg_arrival_rooms_c, layout_rooms, serial_shops,
          nicolae_lakefront_shop, minmay_tree_intersection
D:2:      layout_loops_ring
D:3:      layout_loops_ring, dreamdust_ecumenical_altar_angels_and_demons,
          fountainhead
D:4:      layout_cave_pods, minmay_temple_entry_junction
D:5:      kennysheep_slugbush, layout_basic,
          nicolae_uskayaw_murder_on_the_dancefloor, skrybe_limestone_x,
          grunt_ministairs_12, sigmund_army
D:6:      layout_cave_pods
D:7:      layout_loops_ring, serial_bayou_crossing, uniq_crazy_yiuf_cottage,
          uniq_pikel, uniq_harold
D:8:      minmay_the_grid_triangle_9x9_rhombus_full
          [minmay_the_grid_triangle_9x9_wacky_v,
          minmay_the_grid_triangle_9x9_empty,
          minmay_the_grid_triangle_9x9_stretched_checkered,
          minmay_the_grid_triangle_9x9_longest,
          minmay_the_grid_triangle_9x9_cache,
          minmay_the_grid_triangle_9x9_sparse_checkered,
          minmay_the_grid_triangle_9x9_dagger,
          minmay_the_grid_triangle_9x9_prize_top_heavy], layout_cave_pods,
          uniq_prince_ribbit1, uniq_maurice
D:9:      layout_long_grid, nzn_overflow_gifts_of_might_and_magic, the_hattery
D:10:     layout_cave_pools, kennysheep_mini, enter_bailey_2,
          minmay_strange_pillars
D:11:     layout_gridville, nicolae_concentric_dashed_squares_mild
D:12:     layout_cave_pods, gauntlet_entry_generic, ebering_ghost_rock_garden,
          einodemon_armed_red_devil_minivault
D:13:     layout_loops_corners, zin_treasury
D:14:     layout_stronghold, david_vaults_2, serial_rivers,
          chequers_serial_rivers_small_3, chequers_serial_rivers_micro_c,
          chequers_serial_rivers_micro_b, chequers_serial_rivers_large_b,
          yredelemnul_forgotten_temple_becter
D:15:     gammafunk_depths_entry_grave, layout_irregular_city,
          minmay_diced_spiral
Temple:   eino_narrow_crystal_temple

Skill      XL: |  1  2  3  4  5  6  7  8  9 10 11 |
---------------+----------------------------------+-----
Shields        | 4 5 6 7 8 9 10 | 10.1
Fighting       | 4 5 6 7 8 9 10 | 10.2
Armour         | 4 5 6 7 8 9 10 | 10.1
Axes           | 3 4 5 6 7 8 9 |  9.7
Maces & Flails | 1 2 3 4 5 6 8 9 |  9.3
Crossbows      | 1 3 5 6 |  6.6
Invocations    | 1 3 4 6 |  6.1

Action                   |  1- 3 |  4- 6 |  7- 9 | 10-12 || total
-------------------------+-------+-------+-------+-------++-------
Melee: War axe           |    80 |    98 |   310 |       ||   488
       Headbutt          |     8 |    22 |    53 |   101 ||   184
       Flail             |       |       |    12 |   262 ||   274
       Hand axe          |       |       |       |   184 ||   184
Throw: Throwing net      |       |       |       |     4 ||     4
Invok: Heal Self         |       |       |     5 |    16 ||    21
       Divine Vigour     |       |       |       |     1 ||     1
Evoke: Wand              |       |       |       |     1 ||     1
  Use: Potion            |       |     1 |     7 |    11 ||    19
       Scroll            |       |     1 |     6 |    12 ||    19
 Stab: Held in net/web   |       |       |       |     2 ||     2
Armor: Scale mail        |    36 |    29 |   161 |   271 ||   497
Dodge: Dodged            |    43 |    43 |   176 |   201 ||   463
Block: Buckler           |    15 |    15 |    90 |   153 ||   273
